 Dungeon Sprint DCSS version 0.28-a0-1033-g1a2f33fa85 (webtiles) character file.

Game seed: 5746033333804130822

22 DarkBird the Insei (level 7, 0/81 HPs)
             Began as a Gnoll Wanderer on Dec 7, 2021.
             Was a Plaything of Xom.
             Slain by a soul eater (8 damage)
             ... summoned by a kobold demonologist
             ... in the Dungeon (Sprint VI: "Thunderdome").
             The game lasted 00:15:23 (582 turns).

DarkBird the Insei (Gnoll Wanderer)                  Turns: 582, Time: 00:15:24

Health: 0/81       AC:  1    Str: 14    XL:     7   Next: 13%
Magic:  14/14      EV: 13    Int: 17    God:    Xom [*.....]
Gold:   4          SH:  0    Dex: 12    Spells: 16/16 levels left

rFire   + . .      SeeInvis +   d - +0 hand crossbow
rCold   + . .      Faith    .   (no shield)
rNeg    . . .      Spirit   .   f - +0 robe
rPois   .          Reflect  .   (no helmet)
rElec   .          Harm     .   (no cloak)
rCorr   .          Rampage  .   (no gloves)
Will    .....      Rage     1%  (no boots)
Stlth   .......... NoTele   +   p - amulet "Toir Wepp" {Acrobat rF++}
HPRegen 0.23/turn               q - ring "Teosmobe" {Ice Str+3}
MPRegen 0.14/turn               r - ring "Tiesab" {Int+4 SInv}

@: berserking (expiring), very quick
A: fangs 1, strong nose, distributed training, berserk 1, deformed body, frail 1
a: Renounce Religion


You were in the Dungeon.
You worshipped Xom.
You were a special plaything of Xom.
You visited 1 branch You collected 240 gold pieces.
You spent 236 gold pieces at shops.

Inventory:

Hand Weapons
 a - a +0 hand axe
 d - a +0 hand crossbow (weapon)
Missiles
 e - 10 bolts (quivered ammo)
Armour
 f - a +0 robe (worn)
Jewellery
 o - the ring of Ycvac {rPois rN+ rCorr Str-5}
   (You bought it in a shop in the Dungeon)

   [ring of resist corrosion]

   Str:       It affects your strength (-5).
   rPois:     It protects you from poison.
   rN:        It protects you from negative energy.
   rCorr:     It protects you from acid and corrosion.
 p - the amulet "Toir Wepp" (around neck) {Acrobat rF++}
   (You bought it in a shop in the Dungeon)

   [amulet of the acrobat]

   It increases your evasion while moving and waiting.
   rF:        It greatly protects you from fire.
 q - the ring "Teosmobe" (left hand) {Ice Str+3}
   (You bought it in a shop in the Dungeon)

   [ring of ice]

   It enhances your ice magic.
   Str:       It affects your strength (+3).
   rF:        It makes you vulnerable to fire.
   rC:        It protects you from cold.
 r - the ring "Tiesab" (right hand) {Int+4 SInv}
   (You bought it in a shop in the Dungeon)

   [ring of see invisible]

   Int:       It affects your intelligence (+4).
   SInv:      It lets you see invisible.
Wands
 k - a wand of acid (3)
 l - a wand of iceblast (4)
Scrolls
 j - 4 scrolls of blinking
 m - 3 scrolls of fog
Potions
 b - 5 potions of haste
 c - 3 potions of heal wounds
 g - a potion of curing
 h - 2 potions of magic
 n - 2 potions of resistance


   Skills:
 + Level 7.0 Fighting
 + Level 5.2 Short Blades
 + Level 5.2 Long Blades
 + Level 5.2 Axes
 + Level 5.2 Maces & Flails
 + Level 5.2 Polearms
 + Level 5.2 Staves
 + Level 5.2 Slings
 + Level 5.2 Bows
 + Level 7.0 Crossbows
 + Level 5.8 Throwing
 + Level 7.0 Armour
 + Level 5.2 Dodging
 + Level 5.7 Stealth
 + Level 5.2 Shields
 + Level 7.0 Unarmed Combat
 + Level 5.2 Spellcasting
 + Level 4.3 Conjurations
 + Level 4.3 Hexes
 + Level 4.3 Summonings
 + Level 4.3 Necromancy
 + Level 4.3 Translocations
 + Level 4.3 Transmutations
 + Level 4.3 Fire Magic
 + Level 4.3 Ice Magic
 + Level 4.3 Air Magic
 + Level 4.3 Earth Magic
 + Level 4.3 Poison Magic
 + Level 5.7 Invocations
 + Level 5.2 Evocations


You had 16 spell levels left.
You didn't know any spells.
Your spell library was empty.

Dungeon Overview and Level Annotations

Branches:
Dungeon (1/1)

Altars:
Cheibriados
Dithmenos
Fedhas
Gozag
Kikubaaqudgha
Makhleb
Okawaru
Qazlal
Ru
Sif Muna
Trog
Uskayaw
Vehumet
Wu Jian
Xom
Yredelemnul
Zin
The Shining One
Beogh
Jiyva
Lugonu

Shops:
D *[??*?*:[((!!!!


Innate Abilities, Weirdness & Mutations

You have very sharp teeth.
Your uncanny sense of smell can sniff out nearby items.
Your experience applies equally to all skills.
You tend to lose your temper in combat.
Armour fits poorly on your strangely shaped body.
You are frail. (-10% HP)


Message History

You feel yourself moving faster!
You feel mighty!
You feel a strong urge to attack something.
The ufetubus completely misses you. x2; The iron imp completely misses you.
The ufetubus completely misses you. The ufetubus misses you.
You are too berserk!
Unknown command.
Really attack while wielding your +0 hand crossbow? [Y]es or [N]o only, please.
Really attack while wielding your +0 hand crossbow? [Y]es or [N]o only, please.
Really attack while wielding your +0 hand crossbow? [Y]es or [N]o only, please.
Really attack while wielding your +0 hand crossbow? [Y]es or [N]o only, please.
Really attack while wielding your +0 hand crossbow? [Y]es or [N]o only, please.
Really attack while wielding your +0 hand crossbow? [Y]es or [N]o only, please.
Really attack while wielding your +0 hand crossbow?
You clumsily bash the soul eater but do no damage.
The soul eater draws from the surrounding life force!
The ufetubus hits you. x2
You completely miss the soul eater. The ufetubus barely misses you. x2
The iron imp closely misses you. The soul eater hits you!
The ufetubus hits you. x2
You closely miss the soul eater. The ufetubus barely misses you.
The ufetubus hits you.
* * * LOW HITPOINT WARNING * * *
The soul eater hits you.
* * * LOW HITPOINT WARNING * * *
The iron imp hits you!
* * * LOW HITPOINT WARNING * * *
The iron imp completely misses you.
You clumsily bash the iron imp but do no damage.
Xom grants you a minor favour.
The kobold demonologist's +0 dagger dances into the air!
The ufetubus misses you. The ufetubus closely misses you.
The orange demon closely misses you. The soul eater hits you!
You die... "It was about time."

#_......._# #........_#
###.....(.(.###
#⌠...........⌠#
###.8...)...(.8.######
__......###......___∩##
......8.# #.8.4.K....∩###
........###....535......##
.....###...###.5@(......⌠#
.....# #.<.# #..........⌠#
.....###...###..........⌠#
........###.............##
......8.# #.8........∩###
__......###.......__∩##
###.8.........8.######
#⌠...........⌠#
###.........###


You could see a soul eater (summoned), an orange demon (summoned), a kobold
demonologist (ally target), 2 iron imps, an ufetubus (summoned) and a friendly
+0 dagger.

Vanquished Creatures
  A yak (D)
  An ogre (D)
  A centaur (D)
  2 scorpions (D)
  A jelly (D)
  An orc wizard (D)
  An ufetubus (D)
  3 endoplasms (D)
  3 giant cockroaches (D)
14 creatures vanquished.

Notes
Turn   | Place    | Note
-------+----------+-------------------------------------------
     0 | D        | DarkBird the Gnoll Wanderer began the quest for the Orb.
     0 | D        | DarkBird set off with the following items: a +0 hand axe, 2
                  | potions of haste, 2 potions of heal wounds, a +0 hand
                  | crossbow, 26 bolts, a +0 robe, a potion of curing, 2
                  | potions of magic, a potion of berserk rage, a scroll of
                  | blinking
     0 | D        | Reached XP level 1. HP: 20/20 MP: 1/1
     2 | D        | Found a bloodstained altar of Trog.
     3 | D        | Found an opulent altar of Gozag.
     3 | D        | Found a viscous altar of Jiyva.
     4 | D        | Found a glowing golden altar of the Shining One.
     4 | D        | Found a hide-covered altar of Uskayaw.
     5 | D        | Found Moosaon's Do-It-Yourself Clinic.
     5 | D        | Found a blossoming altar of Fedhas.
     5 | D        | Found a radiant altar of Vehumet.
     5 | D        | Found Gifoq's Distillery.
     5 | D        | Round 1.
     8 | D        | Noticed a scorpion
    11 | D        | Found a sacrificial altar of Ru.
    13 | D        | Found an ornate altar of the Wu Jian Council.
    14 | D        | Found a basalt altar of Yredelemnul.
    14 | D        | Found a shimmering blue altar of Sif Muna.
    18 | D        | Killed a scorpion
    19 | D        | Reached skill level 5 in Fighting
    19 | D        | Reached skill level 5 in Crossbows
    19 | D        | Reached skill level 5 in Armour
    19 | D        | Reached skill level 5 in Unarmed Combat
    19 | D        | Reached skill level 1 in Conjurations
    19 | D        | Reached skill level 1 in Hexes
    19 | D        | Reached skill level 1 in Summonings
    19 | D        | Reached skill level 1 in Necromancy
    19 | D        | Reached skill level 1 in Translocations
    19 | D        | Reached skill level 1 in Transmutations
    19 | D        | Reached skill level 1 in Fire Magic
    19 | D        | Reached skill level 1 in Ice Magic
    19 | D        | Reached skill level 1 in Air Magic
    19 | D        | Reached skill level 1 in Earth Magic
    19 | D        | Reached skill level 1 in Poison Magic
    19 | D        | Reached XP level 2. HP: 12/27 MP: 1/5
    19 | D        | Reached XP level 3. HP: 15/33 MP: 1/6
    19 | D        | Found a shimmering altar of Xom.
    19 | D        | Found a snail-covered altar of Cheibriados.
    20 | D        | Found a stormy altar of Qazlal.
    20 | D        | Found an ancient bone altar of Kikubaaqudgha.
    20 | D        | Found Ipaoriom's Identification Station.
    22 | D        | Found Netuum's Jewellery.
    22 | D        | Found Ukkue's Advanced Armour.
    32 | D        | Became a worshipper of Xom the Begetter of Turbulence
    35 | D        | Bought a crude glass ring for 45 gold pieces
    35 | D        | Identified the ring of Ycvac {rPois rN+ rCorr Str-5} (You
                  | bought it in a shop in the Dungeon)
    35 | D        | Bought a brightly glowing garnet amulet for 45 gold pieces
    35 | D        | Identified the amulet "Toir Wepp" {Acrobat rF++} (You
                  | bought it in a shop in the Dungeon)
    35 | D        | Bought an ancient bone ring for 45 gold pieces
    35 | D        | Identified the ring "Teosmobe" {Ice Str+3} (You bought it
                  | in a shop in the Dungeon)
    35 | D        | Bought a glittering jade ring for 45 gold pieces
    35 | D        | Identified the ring "Tiesab" {Int+4 SInv} (You bought it in
                  | a shop in the Dungeon)
    49 | D        | Found a burning altar of Makhleb.
    51 | D        | Found a corrupted altar of Lugonu.
    51 | D        | Found a glowing silver altar of Zin.
    52 | D        | Found Liorila's Premium Goods.
    53 | D        | Found Onlukoer's Miscellaneous Merchandise.
    53 | D        | Found Depanehi's Basic Armour.
    54 | D        | Found Imuikliyst's Weapon Rack.
    63 | D        | Reached XP level 4. HP: 23/39 MP: 5/7
    78 | D        | Found Qeimydaj's Bottled Wisdom.
    79 | D        | Found Gyarebra's Distillery.
    84 | D        | Noticed a scorpion
    87 | D        | Found a shadowy altar of Dithmenos.
    88 | D        | Found an iron altar of Okawaru.
    88 | D        | Found Hiufe's Staff Store.
    88 | D        | Found Qiryga's Magic Scroll Shop.
    89 | D        | Found Jagageom's Must-Have Magic.
    89 | D        | Found Joyh's Magic Scroll Shop.
    89 | D        | XOM: potion effect (haste)
   130 | D        | Killed a scorpion
   177 | D        | Arena points: 12 (+12) [x2]
   220 | D        | Round 2.
   279 | D        | Reached XP level 5. HP: 43/45 MP: 9/9
   400 | D        | Arena points: 22 (+10) [x1]
   415 | D        | Round 3.
   429 | D        | Bought a potion of mutation for 56 gold pieces
   429 | D        | Gained mutation: You have hidden genetic defects. [potion
                  | of mutation]
   429 | D        | Gained mutation: You tend to lose your temper in combat.
                  | [potion of mutation]
   442 | D        | Noticed a yak
   448 | D        | XOM: butterfly on damage
   449 | D        | XOM: silly message
   453 | D        | XOM: potion effect (invisibility)
   460 | D        | XOM: silly message
   462 | D        | Noticed a centaur
   469 | D        | XOM: potion effect (haste)
   470 | D        | Killed a centaur
   471 | D        | Reached XP level 6. HP: 15/52 MP: 10/12
   472 | D        | Killed a yak
   473 | D        | Reached skill level 5 in Throwing
   473 | D        | Reached skill level 5 in Stealth
   473 | D        | Reached skill level 5 in Invocations
   481 | D        | Gained mutation: You are frail. (-10% HP) [hidden defects]
   512 | D        | Reached skill level 5 in Short Blades
   512 | D        | Reached skill level 5 in Long Blades
   512 | D        | Reached skill level 5 in Axes
   512 | D        | Reached skill level 5 in Maces & Flails
   512 | D        | Reached skill level 5 in Polearms
   512 | D        | Reached skill level 5 in Staves
   512 | D        | Reached skill level 5 in Slings
   512 | D        | Reached skill level 5 in Bows
   512 | D        | Reached skill level 5 in Dodging
   512 | D        | Reached skill level 5 in Shields
   512 | D        | Reached skill level 5 in Spellcasting
   512 | D        | Reached skill level 5 in Evocations
   512 | D        | Reached XP level 7. HP: 22/53 MP: 14/14
   535 | D        | Gained mutation: Armour fits poorly on your strangely
                  | shaped body. [hidden defects]
   535 | D        | Lost mutation: You have hidden genetic defects. [hidden
                  | defects expressed]
   570 | D        | Noticed a kobold demonologist
   576 | D        | Noticed a soul eater
   577 | D        | Noticed an orange demon
   582 | D        | Slain by a soul eater

Illustrated notes

Levels and vault maps discovered:
D:        arena_sprint

Skill      XL: |  1  2  3  4  5  6  7 |
---------------+----------------------+-----
Fighting       | 5 6 7 |  7.0
Short Blades   | 2 3 4 5 |  5.2
Long Blades    | 2 3 4 5 |  5.2
Axes           | 2 3 4 5 |  5.2
Maces & Flails | 2 3 4 5 |  5.2
Polearms       | 2 3 4 5 |  5.2
Staves         | 2 3 4 5 |  5.2
Slings         | 2 3 4 5 |  5.2
Bows           | 2 3 4 5 |  5.2
Crossbows      | 5 6 7 |  7.0
Throwing       | 3 4 5 |  5.8
Armour         | 5 6 7 |  7.0
Dodging        | 2 3 4 5 |  5.2
Stealth        | 3 4 5 |  5.7
Shields        | 2 3 4 5 |  5.2
Unarmed Combat | 5 6 7 |  7.0
Spellcasting   | 2 3 4 5 |  5.2
Conjurations   | 1 2 3 4 |  4.3
Hexes          | 1 2 3 4 |  4.3
Summonings     | 1 2 3 4 |  4.3
Necromancy     | 1 2 3 4 |  4.3
Translocations | 1 2 3 4 |  4.3
Transmutations | 1 2 3 4 |  4.3
Fire Magic     | 1 2 3 4 |  4.3
Ice Magic      | 1 2 3 4 |  4.3
Air Magic      | 1 2 3 4 |  4.3
Earth Magic    | 1 2 3 4 |  4.3
Poison Magic   | 1 2 3 4 |  4.3
Invocations    | 2 3 4 5 |  5.7
Evocations     | 2 3 4 5 |  5.2

Action                   |  1- 3 |  4- 6 |  7- 9 || total
-------------------------+-------+-------+-------++-------
Melee: Hand crossbow     |       |       |     4 ||     4
 Fire: Hand crossbow     |     5 |    41 |    10 ||    56
Evoke: Wand              |     1 |     2 |       ||     3
  Use: Potion            |       |     3 |     1 ||     4
Dodge: Dodged            |       |     9 |    13 ||    22

Table legend: (Time is in decaauts)
 A = Elapsed time spent in this place.
 B = Non-inter-level travel time spent in this place.
 C = Inter-level travel time spent in this place.
 D = Time resting spent in this place.
 E = Time spent auto-exploring this place.
 F = Levels seen in this place.
 G = Mean time per level.
                   A        B        C        D        E       F      G
               +--------+--------+--------+--------+--------+-----+--------+
         Total |    553 |    202 |    351 |      0 |      6 |   1 |  553.0 |
       Dungeon |    553 |    202 |    351 |      0 |      6 |   1 |  553.0 |
               +--------+--------+--------+--------+--------+-----+--------+

Top non-repeatable levels by time:
       D: 553 daAuts
